 Dungeon Crawl Stone Soup version 0.31.0-4-g52a2dc7128 (webtiles) character file.

Game seed: 11501631407979765099

133 Strat the Grave Robber (level 5, -7/25 HPs)
             Began as a Vine Stalker Necromancer on Jan 22, 2024.
             Killed by divine providence
             ... invoked by an orc priest
              (9 damage)
             ... on level 4 of the Dungeon.
             The game lasted 00:03:23 (2168 turns).

Strat the Grave Robber (Vine Stalker Necromancer)   Turns: 2168, Time: 00:03:24

Health: -7/25      AC:  7    Str: 11    XL:     5   Next: 16%
Magic:  0/9        EV: 10    Int: 21    God:
Gold:   128        SH:  0    Dex: 16    Spells: 7/8 levels left

rFire   . . .        d - +0 short sword
rCold   . . .        (no shield)
rNeg    . . .        c - +0 ring mail
rPois   .            j - +0 helmet
rElec   .            (no cloak)
rCorr   .            (no gloves)
SInv    .            l - +0 pair of boots
Will    .....        (no amulet)
Stlth   ++           h - +6 ring of intelligence
HPRegen 1.04/turn    (no ring)
MPRegen 0.11/turn

%: guardian spirit
@: studying Dodging
A: fangs 2, regeneration 1, magic shield, antimagic bite, no potion heal 2
a: no special abilities


You were on level 4 of the Dungeon.
You visited 1 branch of the dungeon, and saw 4 of its levels.

You collected 128 gold pieces.

Inventory:

Hand Weapons
 d - a +0 short sword (weapon)
Armour
 c - a +0 ring mail (worn)
 j - a +0 helmet (worn)
 l - a +0 pair of boots (worn)
Jewellery
 h - a +6 ring of intelligence (left hand)
Scrolls
 a - a scroll of identify {unknown}
 g - a scroll of vulnerability {unknown}
 k - a scroll of poison {unknown}
Potions
 b - a potion of magic
 e - 4 potions of lignification {unknown}
 f - a potion of curing {unknown}
 i - 2 potions of might {unknown}


   Skills:
 - Level 1.0 Fighting
 + Level 4.0 Short Blades
 - Level 1.5 Dodging
 - Level 2.4 Stealth
 - Level 2.1 Spellcasting
 - Level 4.0 Necromancy


You had 7 spell levels left.
You knew the following spells:

 Your Spells              Type           Power      Damage    Failure   Level
a - Necrotise             Necr           76%        1d7       7%          1

Your spell library contained the following spells:

 Spells                   Type           Power      Damage    Failure   Level
 Fugue of the Fallen      Necr           19%        N/A       21%         3
 Vampiric Draining        Necr           19%        2d7       21%         3
 Shock                    Conj/Air       8%         1d3       34%         1
 Ensorcelled Hibernation  Hex/Ice        4%         N/A       47%         2
 Animate Dead             Necr           19%        N/A       56%         4
 Swiftness                Air            2%         N/A       71%         3
 Anguish                  Hex/Necr       5%         N/A       83%         4
 Curse of Agony           Necr           19%        N/A       88%         5
 Airstrike                Air            1%         2d(1-17)  98%         4


Dungeon Overview and Level Annotations

Branches:
Dungeon (4/15)
 Temple: D:4-7

Altars:


Innate Abilities, Weirdness & Mutations

You have extremely sharp teeth.
Your natural rate of healing is unusually fast.
When hurt, damage is shared between your health and your magic reserves.
Your bite disrupts and absorbs the magic of your enemies.
Potions cannot restore your health.


Message History

The orc priest is moderately wounded.
The orc priest hits you but does no damage.
The orc hits you but does no damage.
You hit the orc priest but do no damage.
The orc priest is moderately wounded.
The orc priest invokes the aid of Beogh against you.
You struggle to resist.
The orc hits you with a +0 dagger.
* * * LOW HITPOINT WARNING * * *
You closely miss the orc priest.
You bite the orc priest, but do no damage.
The orc priest is moderately wounded.
The orc priest hits you but does no damage.
The orc misses you.
You hit the orc. Your bite misses the orc.
The orc is heavily wounded.
You closely miss the orc. You bite the orc, but do no damage.
The orc is heavily wounded.
The orc priest mumbles some strange prayers to Beogh against you.
Pain shoots through your body!
* * * LOW HITPOINT WARNING * * *
The orc hits you but does no damage.
Unknown command.
The orc priest attacks as it pursues you!
The orc priest closely misses you.
You hit the orc priest but do no damage.
You bite the orc priest. You drain its power.
You feel invigorated.
The orc priest is severely wounded.
The orc priest hits you with a +0 short sword.
You closely miss the orc priest.
You bite the orc priest, but do no damage.
The orc priest is severely wounded.
The orc priest calls down the wrath of Beogh upon you.
Beogh smites you!
* * * LOW HITPOINT WARNING * * *
You hit the orc priest but do no damage.
Your bite misses the orc priest.
The orc priest is severely wounded.
The orc priest calls down the wrath of Beogh upon you.
Beogh smites you!
You die...

#...# ####...#
....>.
.#####.o########
........o......#
.#############.#
#.#
############.#
#.........@oo#
#.############
#.# #.# #.# #.#
#.# #######.#
.#......#


You could see an orc priest and an orc.

Vanquished Creatures
  Jessica (D:2)
  Robin (D:2)
  2 gnolls (D:2)
  An adder (D:3)
  2 dart slugs
  An orc (D:3)
  6 endoplasms
  3 giant cockroaches
  13 goblins
  6 hobgoblins
  4 kobolds
  A quokka (D:2)
  3 ball pythons
  6 bats
  2 frilled lizards (D:1)
  7 rats
59 creatures vanquished.

Notes
Turn   | Place    | Note
-------+----------+-------------------------------------------
     0 | D:1      | Strat the Vine Stalker Necromancer began the quest for the
                  | Orb.
     0 | D:1      | Reached XP level 1. HP: 9/9 MP: 4/4
   124 | D:1      | Reached skill level 1 in Fighting
   164 | D:1      | Reached XP level 2. HP: 14/14 MP: 6/6
   208 | D:1      | Reached skill level 1 in Short Blades
   703 | D:1      | Reached XP level 3. HP: 18/18 MP: 7/7
   929 | D:2      | Noticed Jessica
   975 | D:2      | Killed Jessica
   976 | D:2      | Reached XP level 4. HP: 22/22 MP: 8/8
  1325 | D:2      | Noticed Robin
  1369 | D:2      | Killed Robin
  1548 | D:3      | Reached XP level 5. HP: 25/25 MP: 9/9
  2167 | D:4      | HP: 1/25 [orc priest/divine providence (5)]
  2168 | D:4      | Killed from afar by an orc priest

Illustrated notes

Levels and vault maps discovered:
D:1:      amcnicky_arrival_wind_blow, layout_loops_ring, minmay_misc_feat_room
D:2:      layout_basic, minmay_misc_feat_rugged, minmay_tetromino_s2,
          uniq_robin, uniq_jessica
D:3:      layout_basic
D:4:      layout_loops_ring, lemuel_coloured_pillars_altar,
          grunt_decor_resistance, uniq_crazy_yiuf_cottage, uniq_natasha

Skill      XL: |  1  2  3  4  5 |
---------------+----------------+-----
Fighting       | 1 |  1.0
Short Blades   | 1 2 3 4 |  4.0
Dodging        | |  1.5
Stealth        | |  2.4
Spellcasting   | |  2.1
Necromancy     | |  4.0

Action                     |  1- 3 |  4- 6 || total
---------------------------+-------+-------++-------
  Melee: Short sword       |    71 |   111 ||   182
         Bite              |    20 |    40 ||    60
   Stab: Sleeping          |     2 |     1 ||     3
         Distracted        |     1 |       ||     1
 Armour: Ring mail         |    31 |    64 ||    95
  Dodge: Dodged            |    34 |    60 ||    94
